 Dungeon Crawl Stone Soup version 0.20-a0-1018-ge435b50 (webtiles) character file.

85 Multipenetrator the Magician (level 4, -1/24 HPs)
             Began as a Deep Elf Fire Elementalist on Apr 17, 2017.
             Slain by a goblin (5 damage)
             ... led by Robin
             ... on level 2 of the Dungeon.
             The game lasted 00:11:56 (1494 turns).

Multipenetrator the Magician (DEFE)                 Turns: 1494, Time: 00:11:56

Health: -1/24      AC:  2    Str:  5    XL:     4   Next: 25%
Magic:  1/12       EV: 13    Int: 21    God:
Gold:   38         SH:  0    Dex: 15    Spells: 3/11 levels left

rFire    . . .     SeeInvis .   (no weapon)
rCold    . . .     Gourm    .   (no shield)
rNeg     . . .     Faith    .   a - +0 robe
rPois    .         Spirit   .   (no helmet)
rElec    .         Reflect  .   (no cloak)
rCorr    .         Harm     .   (no gloves)
MR       .....                  (no boots)
Stlth    ++........             (no amulet)
Regen    0.1/turn               (no ring)
MPRegen  0.2/turn               (no ring)

@: very slightly contaminated
A: no striking features
a: no special abilities


You were on level 2 of the Dungeon.
You were not hungry.

You visited 1 branch of the dungeon, and saw 2 of its levels.

You collected 38 gold pieces.

Inventory:

Armour
 a - a +0 robe (worn)
 d - a +0 cloak
 g - a +0 helmet
Wands
 k - a wand of paralysis (13/24)
Scrolls
 e - a scroll of remove curse {unknown}
 j - a scroll of enchant weapon {unknown}
 m - a scroll of enchant armour {unknown}
 n - a scroll of teleportation {unknown}
Potions
 f - a potion of agility
 i - a potion of brilliance
 l - a potion of ambrosia
Books
 b - a book of Flames

   Spells                             Type                      Level
   a - Flame Tongue                   Conjuration/Fire             1
   b - Throw Flame                    Conjuration/Fire             2
   c - Conjure Flame                  Conjuration/Fire             3
   d - Inner Flame                    Hexes/Fire                   3
   e - Sticky Flame                   Conjuration/Fire             4
   f - Fireball                       Conjuration/Fire             5
Comestibles
 c - 2 bread rations
 h - a royal jelly
 o - 3 chunks of flesh


   Skills:
 + Level 2.8 Dodging
 + Level 2.8 Stealth
 + Level 4.1 Spellcasting
 + Level 2.2 Conjurations
 + Level 4.1 Fire Magic


You had 3 spell levels left.
You knew the following spells:

 Your Spells              Type           Power        Failure   Level  Hunger
a - Flame Tongue          Conj/Fire      ###..        3%          1    None
b - Conjure Flame         Conj/Fire      ###.....     12%         3    ###....
c - Sticky Flame          Conj/Fire      ###.....     34%         4    ####...


Dungeon Overview and Level Annotations

Branches:
Dungeon (2/15)

Altars:
Yredelemnul

Annotations:
D:2 Robin


Message History

Press: ? - help, Shift-Dir - straight line, f - Robin
Aim: Robin, wielding a dagger, wearing a glowing chain mail and wearing a helmet (severely wounded)
The flame tongue hits Robin.
Robin appears unharmed.
Robin is severely wounded.
Robin's horned helmet rattles.
Robin throws the goblin at you! The goblin closely misses you.
The goblin closely misses you.
You see here a stone.
Robin throws the goblin at you! The goblin misses you.
The goblin closely misses you. The goblin completely misses you.
The goblin throws a stone.
The stone closely misses you. Robin throws the goblin at you!
The goblin hits you. Robin throws the goblin at you!
* * * LOW HITPOINT WARNING * * *
The goblin barely misses you. The goblin barely misses you.
The goblin hits you.
* * * LOW HITPOINT WARNING * * *
The goblin hits you.
You die...

##.....##......##...g..#.....
#.........(...........?#.....
##.############.#.......)....
#####.##### #.....g##).....
#.........# ##'###.(.#.....
#.......(.# #)(####(# ....
#.........#########((#.##(#.....
#########..).)..g.####..(_......
#####.(@...g..g.#.##....
#....g..g....[.# ...
############...# ## #...# #####


You could see Robin, a hobgoblin and 3 goblins.

Vanquished Creatures
  Jessica (D:2)
  An adder (D:2)
  2 oozes (D:1)
  A worm (D:2)
  A ball python (D:1)
  4 giant cockroaches (D:1)
  9 goblins
  4 hobgoblins (D:1)
  4 bats (D:1)
  A frilled lizard (D:1)
  7 kobolds (D:1)
  2 rats
37 creatures vanquished.

Notes
Turn   | Place    | Note
-------+----------+-------------------------------------------
     0 | D:1      | Multipenetrator the Deep Elf Fire Elementalist began the quest for the Orb.
     0 | D:1      | Reached XP level 1. HP: 10/10 MP: 6/6
    52 | D:1      | Reached XP level 2. HP: 15/15 MP: 2/8
   378 | D:1      | Reached XP level 3. HP: 19/19 MP: 7/9
   383 | D:1      | Learned a level 3 spell: Conjure Flame
  1125 | D:2      | Noticed Robin
  1175 | D:2      | Noticed Jessica
  1186 | D:2      | Killed Jessica
  1281 | D:2      | Reached XP level 4. HP: 16/24 MP: 7/12
  1287 | D:2      | Learned a level 4 spell: Sticky Flame
  1318 | D:2      | Found a basalt altar of Yredelemnul.
  1494 | D:2      | Slain by a goblin

Vault maps used:
D:1:      erik_arrival_gehennom
D:2:      lemuel_crystal_altar, first_bread, supply_closet_lemuel, uniq_robin,
          uniq_jessica

Skill      XL: |  1  2  3 |
---------------+----------+-----
Fire Magic     | 4 |  4.1
Spellcasting   | 4 |  4.1
Conjurations   | 2 |  2.2
Dodging        | |  2.8
Stealth        | |  2.8

Action                   |  1- 3 |  4- 6 || total
-------------------------+-------+-------++-------
Melee: Unarmed           |    13 |       ||    13
 Cast: Flame Tongue      |    51 |    16 ||    67
       Conjure Flame     |     3 |     3 ||     6
  Use: Scroll            |     5 |       ||     5
  Eat: Chunk             |     1 |     1 ||     2
Armor: Robe              |    16 |       ||    16
Dodge: Dodged            |    23 |    11 ||    34
